AoeStats
← Panoutx

MegaRandom

510592628Analyzed
2v2 RM · 2d ago on Oct 1, 2026· 62m 50s· 4 players
Game mode
Random Map
Map size
Medium (4 player)
Population
200
Speed
Normal
Resources
Standard
Victory
Conquest
Starting age
Dark Age
Ending age
Imperial Age
RankedLock teamsTeams togetherTeam positionsShared explorationLock speedFull tech treeHidden civsTurbo modeCheats
Victory
Defeat
🇪🇸 Vikings · Spain
1210
+19
🇪🇸 Wei · Spain
1209
+20
🇬🇧 Vikings · United Kingdom
1305
-20
🇧🇷 Persians · Brazil
1282
-19
cesarmmartins
8:24 Loom
11:31 Feudal Age
12:08 Town Watch
12:36 Double-Bit Axe
15:05 Fishing Lines
15:27 Horse Collar
17:24 Forging
22:34 Castle Age
21:45 Gold Mining
22:33 Scale Barding Armor
22:42 Bloodlines
24:54 Fletching
25:42 Chain Barding Armor
26:14 Wheelbarrow
26:59 Parthian Tactics
27:23 Bow Saw
27:56 Padded Archer Armor
28:55 Bodkin Arrow
29:46 Stone Mining
31:28 Ballistics
33:45 Thumb Ring
36:33 Heavy Plow
39:24 Imperial Age
41:35 Chemistry
41:35 Conscription
42:15 Leather Archer Armor
43:57 Heavy Cavalry Archer
45:32 Hand Cart
47:25 Hand Cart
xBOYLANATORx
11:02 Loom
13:46 Feudal Age
14:28 Double-Bit Axe
15:18 Town Watch
20:54 Castle Age
19:03 Fishing Lines
21:12 Gold Mining
21:56 Gillnets
23:10 Bow Saw
24:26 Gold Shaft Mining
23:41 Stone Mining
24:05 Town Patrol
28:27 Fletching
28:37 Padded Archer Armor
29:07 Elite Skirmisher
30:17 Bodkin Arrow
30:37 Leather Archer Armor
29:57 Pikeman
30:38 Scale Mail Armor
31:32 Ballistics
35:23 Masonry
36:30 Chain Mail Armor
36:26 Forging
38:58 Horse Collar
40:23 Heavy Plow
40:57 Chieftains
41:44 Forging
46:07 Imperial Age
44:31 Iron Casting
46:17 Elite Berserk
jmunozi
5:06 Loom
9:46 Feudal Age
9:48 Man-at-Arms
10:25 Double-Bit Axe
20:09 Castle Age
18:35 Horse Collar
19:51 Gold Mining
20:35 Forging
20:25 Scale Mail Armor
20:12 Arson
22:04 Squires
23:30 Heavy Plow
25:37 Chain Mail Armor
25:57 Iron Casting
28:12 Town Watch
30:05 Bow Saw
30:09 Fervor
30:21 Fletching
30:31 Padded Archer Armor
33:52 Iron Casting
33:13 Bodkin Arrow
36:44 Imperial Age
34:35 Leather Archer Armor
34:44 Ballistics
35:20 Masonry
34:50 Treadmill Crane
38:40 Blast Furnace
39:42 Chemistry
39:56 Plate Mail Armor
40:23 Conscription
41:03 Elite Varangian Guard
42:20 Bracer
42:50 Ring Archer Armor
43:04 Architecture
45:33 Crop Rotation
49:02 Town Patrol
49:19 Siege Engineers
51:04 Block Printing
53:22 Two-Man Saw
54:08 Ring Archer Armor
53:47 Spies/Treason
54:28 Chieftains
55:34 Coinage
59:18 Banking
63:06 Medium Warships
Panoutx
5:00 Loom
9:29 Feudal Age
10:02 Double-Bit Axe
18:42 Wheelbarrow
18:02 Gold Mining
21:52 Castle Age
23:48 Pikeman
24:40 Forging
25:50 Horse Collar
26:17 Fletching
27:37 Heavy Plow
29:21 Bodkin Arrow
29:30 Padded Archer Armor
31:48 Leather Archer Armor
33:34 Bloodlines
33:30 Scale Barding Armor
33:45 Husbandry
35:09 Thumb Ring
35:47 Chain Barding Armor
35:39 Town Watch
38:20 Ballistics
39:21 Iron Casting
45:06 Tuntian
53:51 Imperial Age
52:08 Bow Saw
59:29 Heavy Hei Guang Cavalry
59:32 Elite Tiger Cavalry
62:03 Conscription
62:09 Ming Guang Armor
62:35 Hand Cart
Connection lost

Rejoining the realm…

Still unreachable

The connection could not be restored.

Session expired

The server has moved on; the page needs a fresh start.